 Dungeon Crawl Stone Soup version 0.30-a0-618-gd6c86c23d0 (webtiles) character file.

Game seed: 2198922464342304940

8986 bmack86 the Fighter (level 11, -3/102 HPs)
             Began as a Minotaur Fighter on Jan 10, 2023.
             Was an Elder of Okawaru.
             Killed from afar by an ogre mage (30 damage)
             ... with a bolt of magma
             ... on level 10 of the Dungeon.
             The game lasted 00:26:19 (8975 turns).

bmack86 the Fighter (Minotaur Fighter)              Turns: 8975, Time: 00:26:19

Health: -3/102     AC: 22    Str: 25    XL:     11   Next: 17%
Magic:  11/13      EV:  9    Int:  5    God:    Okawaru [****..]
Gold:   686        SH: 13    Dex: 10    Spells: 10/10 levels left

rFire   . . .      SeeInvis .    j - +2 broad axe
rCold   . . .      Faith    .    c - +1 buckler
rNeg    . . .      Spirit   .    A - +0 plate armour
rPois   .          Reflect  +    (helmet restricted)
rElec   .          Harm     .    (no cloak)
rCorr   .          Rampage  .    (no gloves)
Will    .....                    w - +1 pair of boots Stlth
                                 a - amulet of reflection
HPRegen 0.37/turn                m - +4 ring of protection
MPRegen 0.13/turn                q - ring of flight

@: heroic, flying
A: horns 2, retaliatory headbutt
a: Renounce Religion, Heroism, Finesse


You were on level 10 of the Dungeon.
You worshipped Okawaru.
Okawaru was greatly pleased with you.
You visited 2 branches of the dungeon, and saw 11 of its levels.

You collected 686 gold pieces.

Inventory:

Hand Weapons
 j - a +2 broad axe (weapon)
 l - a +3 war axe
 E - the +4 spear of Glory {holy, rElec rF- Str+4 SInv}
   (You found it on level 6 of the Dungeon)

   Str:       It affects your strength (+4).
   rF:        It makes you vulnerable to fire.
   rElec:     It insulates you from electricity.
   SInv:      It lets you see invisible.
Missiles
 k - 18 poisoned darts
Armour
 c - a +1 buckler (worn)
 n - a +0 chain mail
 w - a +1 pair of boots (worn)
 A - a +0 plate armour (worn)
Jewellery
 a - an amulet of reflection (around neck)
 i - a +6 ring of strength
 m - a +4 ring of protection (left hand)
 q - a ring of flight (right hand)
 u - a ring of wizardry
 y - a ring of fire
 D - an amulet of guardian spirit
Wands
 t - a wand of flame (18) (quivered)
 v - a wand of mindburst (27)
 x - a wand of iceblast (2)
Scrolls
 p - 3 scrolls of teleportation
 s - 2 scrolls of magic mapping
 F - a scroll of vulnerability {unknown}
Potions
 b - a potion of ambrosia
 d - 2 potions of might
 e - 3 potions of brilliance
 f - 13 potions of curing
 g - a potion of heal wounds
 h - 3 potions of lignification
 o - 2 potions of resistance
 r - a potion of haste
 z - a potion of magic
 B - a potion of invisibility {unknown}
 C - a potion of cancellation {unknown}


   Skills:
 * Level 11.3(16.3) Fighting
 * Level 11.2(16.2) Axes
 + Level 6.1(11.1) Throwing
 + Level 8.6(13.6) Armour
 + Level 8.6(13.6) Shields
 + Level 4.2 Invocations


You had 10 spell levels left.
You didn't know any spells.
Your spell library contained the following spells:

 Spells                   Type           Power      Damage    Failure   Level
 Magic Dart               Conj           0%         1d3       99%         1
 Sting                    Tmut/Pois      0%         1d3       99%         1
 Poisonous Vapours        Pois/Air       0%         N/A       100%        2
 Gell's Gravitas          Tloc           0%         N/A       100%        3
 Mephitic Cloud           Conj/Pois/Air  0%         N/A       100%        3
 Portal Projectile        Hex/Tloc       0%         N/A       100%        3
 Teleport Other           Tloc           0%         N/A       100%        3
 Olgreb's Toxic Radiance  Pois           0%         N/A       100%        4
 Blade Hands              Tmut           0%         N/A       100%        5
 Dispersal                Tloc           0%         N/A       100%        6
 Call Imp                 Summ           Unusable   N/A       N/A         2
 Tukima's Dance           Hex            Unusable   N/A       N/A         3

Dungeon Overview and Level Annotations

Branches:
Dungeon (10/15)            Temple (1/1) D:7            Lair (0/5) D:9
    Orc: D:9-12

Altars:
Ashenzari
Cheibriados
Dithmenos
Elyvilon
Fedhas
Gozag
Hepliaklqana
Kikubaaqudgha
Makhleb
Nemelex Xobeh
Okawaru
Qazlal
Ru
Trog
Uskayaw
Vehumet
Wu Jian
Xom
Yredelemnul
Zin
The Shining One

Annotations:
D:4 1 runed translucent door, PyroL's ghost, amateur OpTm


Innate Abilities, Weirdness & Mutations

You have a pair of horns on your head.
You reflexively headbutt those who attack you in melee.


Message History

You hit the deep elf pyromancer.
The deep elf pyromancer is lightly wounded.
You barely miss the centaur warrior.
The deep elf pyromancer hits you but does no damage.
The centaur warrior hits you but does no damage.
You block the centaur warrior's attack.
You slice the deep elf pyromancer!!
The deep elf pyromancer is severely wounded.
You slash the centaur warrior!
You block the centaur warrior's attack. x2
The deep elf pyromancer hits you but does no damage.
You block something's attack.
You slash the deep elf pyromancer!
The deep elf pyromancer is almost dead.
You hit the centaur warrior. The centaur warrior hits you!
* * * LOW HITPOINT WARNING * * *
The centaur warrior kicks you but does no damage.
The deep elf pyromancer casts a spell at you.
The bolt of fire hits you.
* * * LOW HITPOINT WARNING * * *
You barely miss the deep elf pyromancer.
Your headbutt misses the deep elf pyromancer.
The deep elf pyromancer is almost dead.
You hit the centaur warrior but do no damage.
You block the centaur warrior's attack. The centaur warrior closely misses you.
Something hits you but does no damage. The centaur warrior barely misses you.
You furiously retaliate!
You headbutt the centaur warrior!
You kill the centaur warrior!
Okawaru is honoured by your kill.
You block the deep elf pyromancer's attack.
Your base Throwing skill increases to level 6!
You slice the deep elf pyromancer!!
You kill the deep elf pyromancer!
Okawaru accepts your kill. You block something's attack.
Things that are here:
a +0 dagger; a hydra corpse You hear some strange, mumbled words.
A bolt of magma appears from out of thin air!
The bolt of magma hits you!!
You die...

.......#.#........#
########.'........#
.........#........#. ##
.........###'#'#.... ...
#................####.##
#................# .....
#..........#####.#......
#))).......#.....#o.....
#).........#....@{uD.8..
...........#...))#uu....
.........###.....# .....
.........'.......# ....
.........#.......# .##
#######.[#######.... ..
#.............. #
#...............
#.....#######...


You could see an orc knight, 3 ugly things and a steam dragon.

Vanquished Creatures
  A hydra (D:10)
  A centaur warrior (D:10)
  A two-headed ogre (D:8)
  A deep elf pyromancer (D:10)
  An ugly thing (D:10)
  Joseph (D:9)
  An efreet (D:9)
  2 komodo dragons
  2 trolls (D:9)
  Prince Ribbit (D:8)
  A shadow (D:10)
  A wraith (D:8)
  A wyvern (D:9)
  6 yaks (D:9)
  A steam dragon (D:8)
  A vampire mosquito (D:10)
  An orc warrior (D:8)
  An ice beast (D:6)
  A black bear (D:5)
  A wolf (D:9)
  2 ogres
  3 centaurs
  2 kobold brigands (D:7)
  5 bullfrogs
  A necrophage (D:3)
  9 scorpions
  4 wights
  2 electric eels (D:9)
  2 howler monkeys
  9 hounds
  2 jellies
  5 orc priests
  4 iguanas
  Natasha (thrice) (D:4)
  4 orc wizards
  Robin (D:4)
  6 gnolls
  6 adders
  A shadow imp (D:6)
  3 white imps
  An ufetubus (D:6)
  5 dart slugs
  24 orcs
  5 ball pythons
  7 endoplasms
  7 giant cockroaches
  13 goblins
  5 hobgoblins
  6 jackals (D:5)
  5 quokkas
  6 bats
  3 frilled lizards
  6 kobolds
  3 rats
  3 butterflies (D:10)
200 creatures vanquished.

Notes
Turn   | Place    | Note
-------+----------+-------------------------------------------
     0 | D:1      | bmack86 the Minotaur Fighter began the quest for the Orb.
     0 | D:1      | Reached XP level 1. HP: 19/19 MP: 0/0
   140 | D:1      | Reached XP level 2. HP: 24/27 MP: 1/1
   854 | D:2      | Reached XP level 3. HP: 33/33 MP: 2/2
  1675 | D:3      | Reached XP level 4. HP: 34/41 MP: 3/3
  1723 | D:3      | Noticed a necrophage
  1735 | D:3      | Killed a necrophage
  1736 | D:3      | Reached skill level 1 in Throwing
  1868 | D:3      | Reached XP level 5. HP: 47/47 MP: 4/4
  2051 | D:3      | Found a sparkling altar of Nemelex Xobeh.
  2052 | D:3      | Found a white marble altar of Elyvilon.
  2285 | D:4      | Noticed Robin
  2290 | D:4      | Killed Robin
  2295 | D:4      | Reached skill level 5 in Fighting
  2623 | D:4      | Found a runed translucent door.
  2626 | D:4      | Noticed PyroL's ghost (amateur OpTm)
  2988 | D:4      | Noticed an ogre
  2995 | D:4      | Killed an ogre
  2996 | D:4      | Reached XP level 6. HP: 26/56 MP: 5/5
  3036 | D:4      | Noticed Natasha
  3047 | D:4      | Killed Natasha
  3245 | D:4      | Noticed Natasha
  3252 | D:4      | Killed Natasha
  3345 | D:4      | Noticed Natasha
  3354 | D:4      | Killed Natasha
  3355 | D:4      | Reached skill level 5 in Axes
  3379 | D:5      | Entered Level 5 of the Dungeon
  3392 | D:5      | Reached skill level 5 in Armour
  3544 | D:5      | Reached skill level 5 in Shields
  3544 | D:5      | Reached XP level 7. HP: 63/63 MP: 6/6
  4278 | D:6      | Reached XP level 8. HP: 52/70 MP: 7/7
  4428 | D:6      | Identified the +4 spear of Glory {holy, rElec rF- Str+4
                  | SInv}
  4790 | D:7      | Found a staircase to the Ecumenical Temple.
  4808 | Temple   | Entered the Ecumenical Temple
  5040 | Temple   | Became a worshipper of Warmaster Okawaru
  5632 | D:8      | Reached XP level 9. HP: 74/81 MP: 8/8
  5645 | D:8      | Reached * piety under Okawaru
  5684 | D:8      | Identified the +1 robe "Busmopn" {rCorr Str+4 Dex-3 Slay+4}
  5824 | D:8      | Found a glowing silver altar of Zin.
  5861 | D:8      | Noticed a two-headed ogre
  5874 | D:8      | Killed a two-headed ogre
  5875 | D:8      | Reached skill level 1 in Invocations
  6210 | D:8      | Noticed Prince Ribbit
  6225 | D:8      | Killed Prince Ribbit
  6508 | D:8      | Reached ** piety under Okawaru
  6792 | D:9      | Noticed Joseph
  6810 | D:9      | Killed Joseph
  6822 | D:9      | Reached skill level 5 in Throwing
  6828 | D:9      | Reached XP level 10. HP: 51/92 MP: 10/10
  7101 | D:9      | Reached skill level 10 in Fighting
  7105 | D:9      | Reached *** piety under Okawaru
  7177 | D:9      | Reached skill level 10 in Axes
  7819 | D:9      | Found a staircase to the Lair.
  8006 | D:10     | Entered Level 10 of the Dungeon
  8318 | D:10     | Found a runed translucent door.
  8337 | D:10     | Found a runed translucent door.
  8354 | D:10     | Reached **** piety under Okawaru
  8403 | D:10     | Identified the +1 ring mail of Ziggooh {Str+4 Slay+6}
  8951 | D:10     | Noticed a centaur warrior
  8951 | D:10     | Noticed a green ugly thing
  8951 | D:10     | Noticed an ogre mage
  8952 | D:10     | Noticed a four-headed hydra
  8953 | D:10     | Noticed a purple ugly thing
  8953 | D:10     | Noticed a white ugly thing
  8953 | D:10     | Noticed a deep elf pyromancer
  8953 | D:10     | Noticed a boulder beetle
  8953 | D:10     | Noticed an orc knight
  8954 | D:10     | Noticed a green ugly thing
  8959 | D:10     | Killed a purple ugly thing
  8967 | D:10     | Killed a nine-headed hydra
  8968 | D:10     | Reached XP level 11. HP: 46/102 MP: 10/13
  8972 | D:10     | Killed a centaur warrior
  8973 | D:10     | Killed a deep elf pyromancer
  8975 | D:10     | Killed from afar by an ogre mage

Illustrated notes

Levels and vault maps discovered:
D:1:      dpeg_arrival_stone_temple_mockup, layout_basic
D:2:      layout_basic
D:3:      layout_loops_cross, gammafunk_temple_overflow_pools
D:4:      layout_gridville, ebering_ghost_inner_flame,
          chequers_serial_rivers_micro_d, nicolae_figureground_sparkle,
          uniq_robin, uniq_natasha
D:5:      layout_cave_pools, palyth_stone_intersect,
          hangedman_decor_clover_reticule
D:6:      layout_basic
D:7:      layout_rooms, minmay_temple_entry_tees
D:8:      layout_basic, zin_statuary, kennysheep_generic_room_15,
          uniq_prince_ribbit1
D:9:      layout_stronghold, erik_lair_island, kennysheep_just_a_vault,
          uniq_joseph
D:10:     lemuel_insect_pit, layout_irregular_city, minivault_28
Temple:   nicolae_temple_bog_church

Skill      XL: |  1  2  3  4  5  6  7  8  9 10 11 |
---------------+----------------------------------+-----
Fighting       | 4 5 6 8 9 11 | 11.3
Axes           | 3 4 5 6 7 9 11 | 11.2
Shields        | 4 5 6 7 8 |  8.6
Armour         | 4 5 6 7 8 |  8.6
Throwing       | 1 2 3 4 5 6 |  6.1
Invocations    | 2 4 |  4.2

Action                   |  1- 3 |  4- 6 |  7- 9 | 10-12 || total
-------------------------+-------+-------+-------+-------++-------
Melee: War axe           |    22 |       |       |       ||    22
       Headbutt          |    15 |    13 |    39 |    24 ||    91
       Broad axe         |    53 |    87 |   207 |    88 ||   435
       Spear             |       |       |       |     8 ||     8
Throw: Dart              |     2 |       |     7 |       ||     9
Invok: Heroism           |       |       |     2 |     2 ||     4
  Use: Scroll            |       |     9 |    11 |     2 ||    22
       Potion            |       |     1 |       |       ||     1
Armor: Scale mail        |    38 |       |       |       ||    38
       Chain mail        |    14 |    75 |   149 |    18 ||   256
       Plate armour      |       |       |       |    50 ||    50
Dodge: Dodged            |    38 |    52 |    88 |    43 ||   221
Block: Buckler           |    17 |    21 |   143 |    81 ||   262
       Reflection        |       |       |     7 |       ||     7

Table legend: (Time is in decaauts)
 A = Elapsed time spent in this place.
 B = Non-inter-level travel time spent in this place.
 C = Inter-level travel time spent in this place.
 D = Time resting spent in this place.
 E = Time spent auto-exploring this place.
 F = Levels seen in this place.
 G = Mean time per level.
                   A        B        C        D        E       F      G
               +--------+--------+--------+--------+--------+-----+--------+
         Total |   9121 |   8727 |    394 |    959 |   4738 |  11 |  829.2 |
       Dungeon |   8859 |   8481 |    378 |    808 |   4679 |  10 |  885.9 |
        Temple |    261 |    245 |     16 |    151 |     59 |   1 |  261.0 |
               +--------+--------+--------+--------+--------+-----+--------+

Top non-repeatable levels by time:
     D:9: 1543 daAuts
     D:4: 1185 daAuts
     D:8: 1133 daAuts
     D:3: 921 daAuts
     D:7: 850 daAuts
     D:2: 682 daAuts
     D:5: 658 daAuts
     D:1: 653 daAuts
    D:10: 635 daAuts
     D:6: 595 daAuts
  Temple: 261 daAuts
